 Dungeon Crawl Stone Soup version 0.31.0-11-ge490571c62 (webtiles) character file.

Game seed: 12605914641644362685

385 Esekla the Ducker (level 6, 0/30 HPs)
             Began as a Spriggan Warper on Jan 27, 2024.
             Slain by an orc priest
             ... wielding a +0 mace of holy wrath
              (5 damage)
             ... on level 5 of the Dungeon.
             The game lasted 00:32:02 (4917 turns).

Esekla the Ducker (Spriggan Warper)                 Turns: 4917, Time: 00:32:02

Health: 0/30       AC:  3    Str: 13    XL:     6   Next: 48%
Magic:  0/13       EV: 19    Int: 16    God:
Gold:   211        SH:  0    Dex: 15    Spells: 11/13 levels left

rFire   . . .        a - +0 dagger
rCold   . . .        (no shield)
rNeg    . . .        b - +0 robe
rPois   .            (helmet restricted)
rElec   .            e - +0 cloak
rCorr   .            (gloves unavailable)
SInv    +            (boots unavailable)
Will    +....        n - amulet of guardian spirit
Stlth   ++           v - +6 ring of strength
HPRegen 0.25/turn    (no ring)
MPRegen 0.13/turn

%: guardian spirit
@: very quick
A: very small, no large weapons, unfitting armour, see invisible, speed 3
a: no special abilities


You were on level 5 of the Dungeon.
You visited 1 branch of the dungeon, and saw 5 of its levels.

You collected 247 gold pieces.
You spent 36 gold pieces at shops.

Inventory:

Hand Weapons
 a - a +0 dagger (weapon)
 l - a +0 long sword
 q - a +0 spear
Missiles
 d - 6 darts of dispersal
 t - a poisoned dart (quivered)
Armour
 b - a +0 robe (worn)
 e - a +0 cloak (worn)
 r - a +0 buckler
Jewellery
 h - an amulet of the acrobat
 n - an amulet of guardian spirit (around neck)
 v - a +6 ring of strength (left hand)
Wands
 s - a wand of flame (16)
Scrolls
 c - a scroll of blinking
 f - 4 scrolls of teleportation
 g - 3 scrolls of fear
 i - a scroll of fog
 j - 4 scrolls of identify
 u - a scroll of revelation {unknown}
Potions
 k - 4 potions of curing {unknown}
 m - a potion of heal wounds
 o - 2 potions of lignification
 p - 3 potions of enlightenment


   Skills:
 + Level 2.2 Fighting
 + Level 3.8 Short Blades
 + Level 1.9 Throwing
 * Level 5.3 Dodging
 + Level 3.4 Stealth
 * Level 4.1 Spellcasting
 * Level 0.7 Necromancy
 + Level 5.1 Translocations


You had 11 spell levels left.
You knew the following spells:

 Your Spells              Type           Power      Damage    Failure   Level
b - Blink                 Tloc           38%        N/A       3%          2

Your spell library contained the following spells:

 Spells                   Type           Power      Damage    Failure   Level
 Lesser Beckoning         Tloc           38%        N/A       3%          2
 Teleport Other           Tloc           19%        N/A       6%          3
 Manifold Assault         Tloc           19%        N/A       21%         4
 Vhi's Electric Charge    Tloc/Air       22%        N/A       50%         4
 Ignite Poison            Fire/Alch      3%         N/A       86%         4
 Sticky Flame             Fire/Alch      3%         2d4       86%         4
 Ignition                 Fire           1%         3d3       100%        8


Dungeon Overview and Level Annotations

Branches:
Dungeon (5/15)
 Temple: D:4-7

Altars:
Ashenzari
Cheibriados
Kikubaaqudgha
Zin

Shops:
D:1 (   D:4 ?*([

Annotations:
D:3 iguana
D:5 Edmund


Innate Abilities, Weirdness & Mutations

You are very small and have problems with some larger weapons.
You are too small for most types of armour.
You have supernaturally acute eyesight. (SInv)
You cover ground extremely quickly. (Speed+++)


Message History

You hit the orc wizard.
You kill the orc wizard!
Your Spellcasting skill increases to level 4!
You hit the orc priest. Your punch misses the orc priest.
The orc priest is lightly wounded.
The orc priest hits you with a +0 mace of holy wrath.
You barely miss the orc priest.
The orc priest is lightly wounded.
You hit the orc priest but do no damage.
The orc priest is lightly wounded.
The orc priest closely misses you.
You hit the orc priest but do no damage.
The orc priest is lightly wounded.
The orc priest misses you.
You barely miss the orc priest.
The orc priest is lightly wounded.
The orc priest completely misses you.
You barely miss the orc priest.
The orc priest is lightly wounded.
The orc priest completely misses you.
You barely miss the orc priest.
The orc priest is lightly wounded.
You hit the orc priest.
The orc priest is moderately wounded.
The orc priest closely misses you.
You closely miss the orc priest.
The orc priest is moderately wounded.
The orc priest hits you with a +0 mace of holy wrath.
You hit the orc priest but do no damage.
The orc priest is moderately wounded.
The orc priest barely misses you.
You barely miss the orc priest.
The orc priest is moderately wounded.
The orc priest mumbles some strange prayers to Beogh against you.
Beogh smites you!
* * * LOW HITPOINT WARNING * * *
You hit the orc priest.
The orc priest is heavily wounded.
The orc priest hits you with a +0 mace of holy wrath!
You die...

#......##..#...#...#
#..>....'..+._.#...#
#......##..#...#..##
###...#....#####..# ##
#.#.#.##....#..##
.######.#........##.##
........o.#.#..###..#
........#.#.####...##
....o.....# #.o#@###
........##.o.. #o# ###
........# .... #o# #..
..†...#.# ...'.B# #..
...<..#.# ... ### #..
......#.# #..
......#.### #..
......#@..# #..
##......# #..


You could see a bombardier beetle, an orc priest and an orc.

Vanquished Creatures
  A scorpion (D:5)
  3 hounds
  2 orc wizards
  3 gnolls
  8 adders
  An ufetubus (D:5)
  3 dart slugs
  A ribbon worm (D:3)
  3 orcs
  4 bats
  4 endoplasms
  11 goblins
  3 hobgoblins (D:2)
  6 kobolds
  4 quokkas
  8 ball pythons
  5 frilled lizards
  8 rats
78 creatures vanquished.

Notes
Turn   | Place    | Note
-------+----------+-------------------------------------------
     0 | D:1      | Esekla the Spriggan Warper began the quest for the Orb.
     0 | D:1      | Reached XP level 1. HP: 10/10 MP: 5/5
   243 | D:1      | Reached skill level 1 in Stealth
   243 | D:1      | Reached XP level 2. HP: 14/14 MP: 6/6
   246 | D:1      | Learned a level 2 spell: Blink
   521 | D:1      | Found Limiagol's Weapon Shoppe.
   655 | D:2      | Found a faded altar of an unknown god.
   920 | D:2      | Found a snail-covered altar of Cheibriados.
  1018 | D:2      | Reached skill level 5 in Translocations
  1073 | D:2      | Reached XP level 3. HP: 10/18 MP: 6/8
  1967 | D:3      | Reached XP level 4. HP: 13/23 MP: 9/9
  2064 | D:3      | Found a snail-covered altar of Cheibriados.
  2779 | D:4      | Found a glowing silver altar of Zin.
  3109 | D:4      | Found an ancient bone altar of Kikubaaqudgha.
  3278 | D:4      | Reached XP level 5. HP: 18/26 MP: 8/10
  3532 | D:4      | Found Xumatuac's Antique Armour Shop.
  3533 | D:4      | Found Bepsiusm's General Store.
  3534 | D:4      | Found Ylaiv's Magic Scroll Shop.
  3535 | D:4      | Found Imopty's Antique Weapon Shop.
  4057 | D:4      | Noticed a black bear
  4222 | D:4      | Bought a scroll of teleportation for 36 gold pieces
  4231 | D:5      | Entered Level 5 of the Dungeon
  4237 | D:5      | Noticed Edmund
  4375 | D:4      | Reached skill level 5 in Dodging
  4375 | D:4      | Reached XP level 6. HP: 28/30 MP: 9/12
  4875 | D:5      | Found a broken altar of Ashenzari.
  4917 | D:5      | Slain by an orc priest

Illustrated notes

Levels and vault maps discovered:
D:1:      roderic_crop_circles_arrival_small, layout_rooms, serial_shops,
          nicolae_shop_tiny_waterfront
D:2:      layout_basic, chequers_ecumenical_altar_simple_redux, basic_altar
D:3:      layout_loops_cross, mainiacjoe_overflow_paths, st_stairs_12
D:4:      layout_cave_pools, nicolae_kikubaaqudgha_miasma_corner, zin_academy,
          amcnicky_mini_pool_small, minmay_misc_feat_four_crosses,
          minmay_shop_grid_forest
D:5:      layout_basic, nicolae_ashenzari_skybound, uniq_edmund,
          uniq_crazy_yiuf_cottage

Skill      XL: |  1  2  3  4  5  6 |
---------------+-------------------+-----
Stealth        | 1 2 3 |  3.4
Translocations | 5 |  5.1
Spellcasting   | 3 4 |  4.1
Fighting       | 2 |  2.2
Dodging        | 4 5 |  5.3
Short Blades   | 3 |  3.8
Throwing       | |  1.9
Necromancy     | |  0.7

Action                     |  1- 3 |  4- 6 || total
---------------------------+-------+-------++-------
  Melee: Short sword       |    47 |       ||    47
         Dagger            |   158 |   316 ||   474
         Punch             |     2 |     4 ||     6
  Throw: Dart              |     5 |    15 ||    20
   Cast: Blink             |       |     3 ||     3
    Use: Scroll            |       |     5 ||     5
   Stab: Sleeping          |     3 |     6 ||     9
         Distracted        |     1 |       ||     1
 Armour: Robe              |    44 |   101 ||   145
  Dodge: Dodged            |   108 |   222 ||   330
